 Dungeon Crawl Stone Soup version 0.31-a0-202-g547052bce9 (webtiles) character file.

Game seed: 8383436998604853847

47 qw the Shooter (level 3, 0/20 HPs)
             Began as a Deep Elf Hunter on June 26, 2023.
             Slain by a hobgoblin (1 damage)
             ... led by Robin
             ... on level 2 of the Dungeon.
             The game lasted 00:00:15 (745 turns).

qw the Shooter (Deep Elf Hunter)                     Turns: 745, Time: 00:00:16

Health: 0/20       AC:  6    Str: 10    XL:     3   Next: 48%
Magic:  5/5        EV:  9    Int: 13    God:
Gold:   80         SH:  0    Dex: 18    Spells: 2/2 levels left

rFire   . . .        Y - +0 shortbow
rCold   . . .        (shield currently unavailable)
rNeg    . . .        g - +0 scale mail
rPois   .            (no helmet)
rElec   .            (no cloak)
rCorr   .            (no gloves)
SInv    .            (no boots)
Will    .....        f - amulet of regeneration
Stlth   +            (no ring)
HPRegen 1.03/turn    (no ring)
MPRegen 0.09/turn

%: no passive effects
@: no status effects
A: no striking features
a: no special abilities


You were on level 2 of the Dungeon.
You visited 1 branch of the dungeon, and saw 2 of its levels.

You collected 80 gold pieces.


   Skills:
 - Level 1.5 Fighting
 + Level 7.0 Ranged Weapons
 - Level 2.4 Dodging
 - Level 1.2 Stealth


You had 2 spell levels left.
You didn't know any spells.
Your spell library was empty.

Inventory:

Hand Weapons
 Y - a +0 shortbow (weapon)
Armour
 g - a +0 scale mail (worn)
Jewellery
 f - an amulet of regeneration (around neck)
Scrolls
 a - a scroll of amnesia {unknown}
 e - a scroll of identify
Potions
 b - a potion of enlightenment {unknown}
 c - a potion of berserk rage {unknown}

Dungeon Overview and Level Annotations

Branches:
Dungeon (2/15)

Altars:


Message History

A goblin comes into view. It is wielding a +0 club.
You hear a shout!
You shoot an arrow. The arrow barely misses Robin.
The goblin shouts!
You hear an angry hiss.
You shoot an arrow. The arrow hits Robin.
Robin is almost dead.
Robin hits you with a +0 short sword.
You shoot an arrow. The arrow hits Robin.
You kill Robin!
A goblin comes into view. It is wielding a +0 dagger.
The hobgoblin hits you.
An adder comes into view.
Your Ranged Weapons skill increases to level 7!
You shoot an arrow. The arrow closely misses the hobgoblin.
The hobgoblin barely misses you.
A goblin comes into view. It is wielding a +0 club.
The hobgoblin hits you.
You shoot an arrow.
The arrow hits the hobgoblin but does no damage.
The hobgoblin closely misses you.
A goblin comes into view. It is wielding a +0 club.
The hobgoblin hits you. x2; The hobgoblin barely misses you.
The goblin hits you with a +0 dagger.
You shoot an arrow. The arrow closely misses the hobgoblin.
The hobgoblin hits you. The goblin completely misses you.
The hobgoblin hits you.
You shoot an arrow.
The arrow hits the hobgoblin but does no damage.
The hobgoblin hits you but does no damage.
The goblin hits you but does no damage.
The hobgoblin hits you but does no damage.
You shoot an arrow. The arrow hits the hobgoblin.
You kill the hobgoblin!
The goblin no longer looks unusually strong.
The hobgoblin hits you. The goblin closely misses you.
The goblin unwields a +0 club.
The goblin wields a +0 sling.
The goblin shoots a sling bullet.
The sling bullet hits you. The hobgoblin hits you.
You die...

#####.##....# #.##....#
#.##....# #.##....# ####
#.##....# ##... # #.....###
...# ##.# ###
#..##.####.#.##g.... ..#
#..#.......#g.gS#
..###.........##@#
..........###.##g#
.)........# #...g#
..........# #.........#.#..
..........# #.#.##¤##.#....
#.........# #..#.~¤~¤#.##..##
#.........###.#..~.¤¤.#.....#
#......... #.#~~¤~.~~~~#....#
#......... #..~.¤~~.~..#...#


You could see an adder, a hobgoblin (strong) and 4 goblins.

Vanquished Creatures
  Robin (D:2)
  2 adders (D:2)
  A worm (D:2)
  3 ball pythons
  An endoplasm (D:1)
  2 hobgoblins (D:2)
  3 jackals (D:1)
  A quokka (D:1)
  2 bats
  A frilled lizard (D:2)
  A goblin (D:1)
  A kobold (D:2)
  A rat (D:1)
20 creatures vanquished.

Notes
Turn   | Place    | Note
-------+----------+-------------------------------------------
     0 | D:1      | qw the Deep Elf Hunter began the quest for the Orb.
     0 | D:1      | Reached XP level 1. HP: 12/12 MP: 3/3
     0 | D:1      | 0 ||| qw: Version: 0.3-a-22-g0ed2b0b
     0 | D:1      | 0 ||| qw: Game counter: 6138
     0 | D:1      | 0 ||| qw: Melee chars always use a shield: true
     0 | D:1      | 0 ||| qw: God list: Okawaru
     0 | D:1      | 0 ||| qw: Allow faded altars: false
     0 | D:1      | 0 ||| qw: Do Orc after clearing Dungeon:15 true
     0 | D:1      | 0 ||| qw: Do second Lair branch before Depths: true
     0 | D:1      | 0 ||| qw: Lair rune preference: random
     0 | D:1      | 0 ||| qw: Goals: Normal
     0 | D:1      | 0 ||| PLANNING D:1-11
   336 | D:1      | Reached skill level 6 in Ranged Weapons
   336 | D:1      | Reached XP level 2. HP: 16/16 MP: 4/4
   496 | D:1      | 496 ||| UPGRADING to +0 scale mail.
   506 | D:1      | 506 ||| DROPPING +0 leather armour.
   507 | D:1      | 507 ||| UPGRADING to amulet of regeneration.
   512 | D:1      | 512 ||| READING scroll labelled GERECIQ TUROMN.
   513 | D:1      | 513 ||| READING 2 scrolls labelled ROUHEG AKINACS.
   514 | D:1      | 514 ||| DROPPING scroll of butterflies.
   542 | D:2      | Found a faded altar of an unknown god.
   631 | D:2      | Reached XP level 3. HP: 20/20 MP: 5/5
   731 | D:2      | Noticed Robin
   740 | D:2      | Killed Robin
   741 | D:2      | Reached skill level 7 in Ranged Weapons
   743 | D:2      | HP: 4/20 [hobgoblin[Robin] (4)]
   745 | D:2      | HP: 1/20 [goblin/sling bullet[Robin] (1)]
   745 | D:2      | Slain by a hobgoblin

Levels and vault maps discovered:
D:1:      reono_arrival_mine, layout_basic
D:2:      layout_basic, shapermc_ecumenical_altar_starsandcircs,
          hangedman_decor_slide_cut, uniq_robin

Skill      XL: |  1  2  3 |
---------------+----------+-----
Ranged Weapons | 6 7 |  7.0
Fighting       | |  1.5
Dodging        | |  2.4
Stealth        | |  1.2

Action                     || total
---------------------------++-------
   Fire: Shortbow          ||    61
    Use: Scroll            ||     2
 Armour: Leather armour    ||     3
         Scale mail        ||    14
  Dodge: Dodged            ||    24

Table legend:
 A = Non-vault XP
 B = Vault XP
 C = Vault XP percentage of total XP
 D = Non-vault monster count
 E = Vault monster count
 F = Vault count percentage of total count
                 A         B        C        D         E       F
            +---------+---------+-------+---------+---------+-------
      Total |      51 |      19 |  27.1 |      17 |       3 |  15.0
            +---------+---------+-------+---------+---------+-------
        D:1 |      15 |       0 |   0.0 |       9 |       0 |   0.0
        D:2 |      36 |      19 |  34.5 |       8 |       3 |  27.3
            +---------+---------+-------+---------+---------+-------
